AoeStats
← Polar_Op

Arabia

510539171Analyzed
2v2 RM · 17h ago on Oct 1, 2026· 33m 43s· 4 players
Game mode
Random Map
Map size
Medium (4 player)
Population
200
Speed
Normal
Resources
Standard
Victory
Conquest
Starting age
Dark Age
Ending age
Imperial Age
RankedLock teamsTeams togetherTeam positionsShared explorationLock speedFull tech treeHidden civsTurbo modeCheats
Victory
Defeat
🇮🇳 Poles · India
679
+15
🇨🇱 Khmer · Chile
653
+15
🇦🇺 Koreans · Australia
647
-23
🇦🇺 Goths · Australia
645
-23
Polar_Op
11:26 Feudal Age
10:56 Loom
12:09 Horse Collar
13:06 Double-Bit Axe
15:54 Wheelbarrow
18:07 Fletching
23:28 Gold Mining
28:56 Castle Age
29:05 Crossbowman
29:52 Thumb Ring
29:45 Bodkin Arrow
Jihad Herbie
11:26 Feudal Age
13:08 Double-Bit Axe
13:05 Horse Collar
18:56 Loom
19:32 Loom
21:01 Loom
27:40 Forging
27:32 Scale Mail Armor
29:42 Castle Age
31:51 Heavy Plow
bela29318
7:09 Loom
10:21 Feudal Age
11:08 Double-Bit Axe
11:15 Horse Collar
15:27 Forging
15:58 Bloodlines
23:49 Castle Age
22:25 Wheelbarrow
22:29 Fletching
22:39 Padded Archer Armor
24:31 Husbandry
23:52 Light Cavalry
24:44 Bow Saw
24:40 Heavy Plow
26:25 Gold Mining
27:48 Hand Cart
28:11 Stone Mining
30:19 Bodkin Arrow
36:07 Imperial Age
d.riverariveros
4:18 Loom
11:51 Feudal Age
16:32 Fletching
21:09 Padded Archer Armor
25:05 Castle Age
25:10 Crossbowman
27:26 Bodkin Arrow
30:22 Leather Archer Armor
32:30 Husbandry
Connection lost

Rejoining the realm…

Still unreachable

The connection could not be restored.

Session expired

The server has moved on; the page needs a fresh start.